 Dungeon Crawl Stone Soup version 0.17-a0-1582-ge6b0260 (webtiles) character file.

4 Eleanoora the Digger (level 1, -1/9 HPs)
             Began as a Vine Stalker Earth Elementalist on July 27, 2015.
             Slain by a jackal (2 damage)
             ... on level 1 of the Dungeon.
             The game lasted 00:00:54 (444 turns).

Eleanoora the Digger (VSEE)                          Turns: 444, Time: 00:00:54

Health: -1/9       AC:  2    Str: 10    XL:     1   Next: 60%
Magic:  0/4        EV: 12    Int: 15    God:
Gold:   11         SH:  0    Dex: 14    Spells: 1 memorised, 3 levels left

rFire  . . .     SeeInvis +     (no weapon)
rCold  . . .     Clarity  .     b - +0 robe
rNeg   . . .     SustAt   .     (no shield)
rPois  .         Gourm    .     (no helmet)
rElec  .         Spirit   +     (no cloak)
rCorr  .         Warding  .     (no gloves)
rMut   .         Stasis   .     (no boots)
MR     .....                    (no amulet)
Stlth  ++........               (no ring)
                                h - ring of see invisible

@: very slightly contaminated, not resistant to hostile enchantments, unstealthy
A: fangs 2, regeneration 1, magic shield, antimagic bite, no device heal 3, rot
immunity
a: no special abilities


You were on level 1 of the Dungeon.
You were not hungry.

You visited 1 branch of the dungeon, and saw 1 of its levels.

You collected 11 gold pieces.


Innate Abilities, Weirdness & Mutations

You have extremely sharp teeth.
Your natural rate of healing is unusually fast.
When hurt, damage is shared between your health and your magic reserves.
Your bite disrupts and absorbs the magic of your enemies.
Potions and wands cannot restore your health.
You are immune to rotting.


   Skills:
 - Level 1.5 Dodging
 - Level 2.4 Stealth
 + Level 2.3 Spellcasting
   Level 1.0 Transmutations
 + Level 3.1 Earth Magic


You had 3 spell levels left.
You knew the following spells:

 Your Spells              Type           Power        Failure   Level  Hunger
a - Sandblast             Erth           ##....       8%          1    #......

Inventory:

Missiles
 a - 38 stones (quivered)
Armour
 b - a +0 robe (worn)
Jewellery
 h - a ring of see invisible (left hand)
Scrolls
 f - a scroll of blinking {unknown}
Potions
 e - a potion of invisibility {unknown}
 g - a potion of lignification {unknown}
 i - a potion of haste {unknown}
Books
 c - a book of Geomancy
Comestibles
 d - a bread ration

Dungeon Overview and Level Annotations

Branches:
Dungeon (1/15)

Altars:


Message History

The jackal closely misses you.
The jackal bites you but does no damage.
The jackal completely misses you. The jackal bites you.
The jackal barely misses you. The jackal barely misses you.
The jackal misses you. The jackal closely misses you. The jackal misses you.
The jackal bites you but does no damage.
The jackal bites you.
Casting: Sandblast
Confirm with . or Enter, or press ? or * to list all spells.
You don't have enough magic to cast that spell.
The jackal bites you. The jackal bites you. The jackal barely misses you.
The jackal bites you but does no damage.
The jackal closely misses you. The jackal bites you.
The jackal closely misses you.
The jackal bites you but does no damage.
The jackal misses you.
The jackal bites you but does no damage.
The jackal barely misses you. The jackal closely misses you.
The jackal bites you. The jackal closely misses you.
Casting: Sandblast
Confirm with . or Enter, or press ? or * to list all spells.
Aiming: Sandblast
Press: ? - help, Shift-Dir - straight line, f/p - jackal
Aim: a jackal (severely wounded)
You miscast Sandblast.
You are very lightly contaminated with residual magic.
You feel gritty. The jackal bites you. The jackal bites you.
You die...

########.#######.#.###
#.# #.#.# #.# #.#.#
#######.### #.#.#
#.........#####.#.#
##.........'.....#.#
...........#######.#
.########### ###.#.#
## #.h@#.# #.###.# #.#
#.# #.###.# #.....#
#######


You could see a jackal.

Action                   || total
-------------------------++-------
 Cast: Sandblast         ||    14

Notes
Turn   | Place    | Note
--------------------------------------------------------------
     0 | D:1      | Eleanoora the Vine Stalker Earth Elementalist began the quest for the Orb.
     0 | D:1      | Reached XP level 1. HP: 9/9 MP: 4/4
   444 | D:1      | Slain by a jackal

Vault maps used:
D:1:      dpeg_arrival_stone_temple_mockup

Vanquished Creatures
  A giant cockroach
  2 jackals
3 creatures vanquished.
